 Dungeon Crawl Stone Soup version 0.31-a0-986-g5e6e4ef867 (webtiles) character file.

Game seed: 17464300662936703401

800 Arex the Covered (level 7, 0/60 HPs)
             Began as a Demigod Fighter on Nov 10, 2023.
             Slain by a gnoll bouda
             ... wielding a +0 club
              (6 damage)
             ... on level 5 of the Dungeon.
             The game lasted 00:05:56 (4651 turns).

Arex the Covered (Demigod Fighter)                  Turns: 4651, Time: 00:05:57

Health: 0/60       AC: 12    Str: 25    XL:     7   Next: 32%
Magic:  9/9        EV:  6    Int: 10    God:
Gold:   237        SH:  5    Dex: 13    Spells: 6/6 levels left

rFire   . . .        a - +1 war axe
rCold   . . .        c - +0 buckler
rNeg    . . .        p - +0 plate armour
rPois   .            (no helmet)
rElec   .            (no cloak)
rCorr   .            (no gloves)
SInv    .            (no boots)
Will    .....        (no amulet) Stlth
                     (no ring)
HPRegen 0.30/turn    (no ring)
MPRegen 0.11/turn

%: no passive effects
@: no status effects
A: high MP 1, forlorn, divine attributes
a: no special abilities


You were on level 5 of the Dungeon.
You visited 1 branch of the dungeon, and saw 5 of its levels.
You also visited: Sewer.

You collected 237 gold pieces.

Inventory:

Hand Weapons
 a - a +1 war axe (weapon)
Missiles
 u - a throwing net
Armour
 b - a +0 scale mail
 c - a +0 buckler (worn)
 p - a +0 plate armour (worn)
Wands
 w - a wand of digging (1)
Scrolls
 e - 2 scrolls of teleportation
 h - a scroll of amnesia {unknown}
 j - a scroll of enchant weapon
 o - 2 scrolls of vulnerability
 q - a scroll of fog {unknown}
 r - a scroll of fear {unknown}
 s - a scroll of butterflies {unknown}
 t - a scroll of enchant armour {unknown}
Potions
 d - 3 potions of might
 f - 2 potions of enlightenment
 g - 2 potions of mutation
 i - a potion of curing
 k - a potion of heal wounds
 l - a potion of cancellation {unknown}
 m - a potion of ambrosia {unknown}
 n - a potion of brilliance {unknown}
 v - a potion of resistance {unknown}
 x - a potion of magic {unknown}


   Skills:
 + Level 4.6 Fighting
 + Level 4.2 Axes
 + Level 4.7 Armour
 + Level 4.7 Shields


You had 6 spell levels left.
You didn't know any spells.
Your spell library contained the following spells:

 Spells                   Type           Power      Damage    Failure   Level
 Magic Dart               Conj           0%         1d3       100%        1
 Call Imp                 Summ           0%         N/A       100%        2
 Sublimation of Blood     Necr           0%         N/A       100%        2
 Ignite Poison            Fire/Tmut/Pois 0%         N/A       100%        3
 Mephitic Cloud           Conj/Pois/Air  0%         N/A       100%        3
 Ozocubu's Armour         Ice            0%         N/A       100%        3
 Petrify                  Tmut/Erth      0%         N/A       100%        4
 Sticky Flame             Conj/Fire      0%         2d3       100%        4
 Irradiate                Conj/Tmut      0%         3d11      100%        5
 Metabolic Englaciation   Hex/Ice        0%         N/A       100%        5
 Simulacrum               Ice/Necr       0%         N/A       100%        6
 Ignition                 Fire           0%         3d3       100%        8


Dungeon Overview and Level Annotations

Branches:
Dungeon (5/15)             Temple (0/1) D:4           Sewer (visited)

Shops:
D:2 =


Innate Abilities, Weirdness & Mutations

You have an increased reservoir of magic. (+10% MP)
You shall have no god before yourself.
Your divine heritage dramatically boosts your attributes as you level up.


Message History

You hit the gnoll.
Your attacks no longer feel as feeble.
The gnoll barely misses you.
The scorpion stings you but does no damage.
Unknown command.
You slash the scorpion!
You kill the scorpion!
You hit the gnoll but do no damage. The gnoll hits you with a +0 flail.
* * * LOW HITPOINT WARNING * * *
You block the gnoll's attack.
The gnoll bouda hits you with a +0 club.
* * * LOW HITPOINT WARNING * * *
You closely miss the gnoll bouda. You slash the gnoll!
You kill the gnoll!
The gnoll bouda hits you but does no damage.
You hit the gnoll bouda.
The gnoll bouda is lightly wounded.
The gnoll bouda hits you but does no damage.
You barely miss the gnoll bouda.
The gnoll bouda is lightly wounded.
The gnoll bouda hits you but does no damage. x2
You hit the gnoll bouda but do no damage.
The gnoll bouda is lightly wounded.
The gnoll bouda hits you with a +0 club.
* * * LOW HITPOINT WARNING * * *
You hit the gnoll bouda.
The gnoll bouda is moderately wounded.
The gnoll bouda barely misses you.
You barely miss the gnoll bouda.
The gnoll bouda is moderately wounded.
The gnoll bouda hits you but does no damage.
The gnoll bouda hits you with a +0 club.
* * * LOW HITPOINT WARNING * * *
You barely miss the gnoll bouda.
The gnoll bouda is moderately wounded.
The gnoll bouda hits you but does no damage.
You slash the gnoll bouda!
The gnoll bouda is severely wounded.
The gnoll bouda hits you with a +0 club.
You die...

............... #.#.
................# ....
#.......###.###.# #....
..###...# .# #.## .....
........## +# #..#
......#......... #...
......#.......# #+# #.#.
#.....g.......# #.# #.##
..#####@......###.###.##
......))................
........................
)...####..####......####
... ##.## #......# # ..
###..####).#### # .
##.....##.))..## #
##..............## #
#................# #


You could see a gnoll bouda.

Vanquished Creatures
  An ogre (D:5)
  A phantom (D:3)
  3 scorpions
  3 hounds
  An orc priest (D:4)
  A gnoll bouda (D:4)
  Jessica (D:3)
  7 gnolls
  8 adders
  4 river rats (Sewer)
  3 worms
  3 dart slugs
  10 orcs
  5 endoplasms
  4 giant cockroaches
  9 goblins
  8 hobgoblins
  8 jackals
  2 quokkas
  8 ball pythons
  2 bats
  5 frilled lizards
  4 kobolds
  13 rats
114 creatures vanquished.

Notes
Turn   | Place    | Note
-------+----------+-------------------------------------------
     0 | D:1      | Arex the Demigod Fighter began the quest for the Orb.
     0 | D:1      | Reached XP level 1. HP: 18/18 MP: 3/3
   204 | D:1      | Reached XP level 2. HP: 23/25 MP: 4/4
   727 | D:2      | Found Ustelua's Jewellery Shop.
   745 | D:2      | Reached XP level 3. HP: 31/31 MP: 5/5
  1998 | D:3      | Noticed a phantom
  2011 | D:3      | Killed a phantom
  2012 | D:3      | Reached XP level 4. HP: 30/38 MP: 6/6
  2292 | D:3      | Noticed Jessica
  2299 | D:3      | Killed Jessica
  2300 | D:3      | Reached XP level 5. HP: 36/45 MP: 7/7
  2691 | D:4      | Found a glowing drain.
  2721 | Sewer    | Entered a sewer
  3354 | D:4      | Reached XP level 6. HP: 29/52 MP: 8/8
  3361 | D:5      | Entered Level 5 of the Dungeon
  3460 | D:4      | HP: 1/52 [gnoll/+0 club[a gnoll bouda] (3)]
  3827 | D:4      | Found a staircase to the Ecumenical Temple.
  4447 | D:5      | Reached XP level 7. HP: 30/60 MP: 9/9
  4651 | D:5      | Slain by a gnoll bouda

Illustrated notes

Levels and vault maps discovered:
D:1:      dpeg_arrival_connections, layout_rooms, ebering_ecumenical_altar_hall
D:2:      layout_loops_cross, serial_shops, nicolae_shop_gaudy_bauble,
          minmay_statues_item
D:3:      layout_loops_ring, mainiacjoe_overflow_catwalk, kennysheep_cross_room,
          columned_hall_lemuel, grunt_decor_resistance, minivault_5,
          kennysheep_decorative_pillar, uniq_jessica
D:4:      layout_rooms, pdpol_temple_overflow_zin_treasury_gozag_greed,
          lemuel_crystal_altar, minmay_temple_entry_large_hall,
          portal_sewer_entry_a, abandoned_shop
D:5:      layout_rooms, lemuel_doored_altar, nicolae_qazlal_eye_of_the_storm

Skill      XL: |  1  2  3  4  5  6 |
---------------+-------------------+-----
Axes           | 2 3 4 |  4.2
Shields        | 3 4 |  4.7
Armour         | 3 4 |  4.7
Fighting       | 3 4 |  4.6

Action                     |  1- 3 |  4- 6 |  7- 9 || total
---------------------------+-------+-------+-------++-------
  Melee: War axe           |   142 |   188 |    36 ||   366
    Use: Scroll            |     2 |     6 |       ||     8
         Potion            |       |     3 |     1 ||     4
 Armour: Scale mail        |   113 |       |       ||   113
         Plate armour      |       |   162 |    47 ||   209
  Dodge: Dodged            |    56 |    67 |    13 ||   136
  Block: Buckler           |    34 |    38 |    13 ||    85

Table legend: (Time is in decaauts)
 A = Elapsed time spent in this place.
 B = Non-inter-level travel time spent in this place.
 C = Inter-level travel time spent in this place.
 D = Time resting spent in this place.
 E = Time spent auto-exploring this place.
 F = Levels seen in this place.
 G = Mean time per level.
                   A        B        C        D        E       F      G
               +--------+--------+--------+--------+--------+-----+--------+
         Total |   4934 |   4785 |    149 |   1085 |   2763 |   6 |  822.3 |
       Dungeon |   4150 |   4001 |    149 |   1085 |   2157 |   5 |  830.0 |
         Sewer |    784 |    784 |      0 |      0 |    606 |   1 |  784.0 |
               +--------+--------+--------+--------+--------+-----+--------+

Top non-repeatable levels by time:
     D:4: 1154 daAuts
     D:2: 1062 daAuts
     D:3: 1004 daAuts
   Sewer: 784 daAuts
     D:1: 614 daAuts
     D:5: 314 daAuts
